Connexion

TAMPA BAY Lightning vs BUFFALO Sabres

Created - 26 novembre 2023 at 09:11

Goals
1 2 3 T
TAMPA BAY Lightning 1 1 1 3
BUFFALO Sabres 2 2 4 8
Shots
1 2 3 T
TAMPA BAY Lightning 11 8 8 27
BUFFALO Sabres 13 9 13 35

GoalsPenalties
1st period
1. BUFFALO Sabres , Conor Sheary 21 (Nelson Nogier 17, Tyler Myers 8) at 13:17
2. TAMPA BAY Lightning , Ivan Provorov 9 (Mark Friedman 18) at 14:22
3. BUFFALO Sabres , Hampus Lindholm 12 (Timothy Liljegren 21, Sam Gagner 32) at 16:47
Ivan Barbashev (BUF) for Slashing (Minor) at 1:29
2nd period
4. BUFFALO Sabres , Ivan Barbashev 3 (Joe Hicketts 10, Michael Del Zotto 7) at 11:29
5. TAMPA BAY Lightning , Oskar Sundqvist 13 (Artem Zub 16, Adam Henrique 17) at 16:00
6. BUFFALO Sabres , Eetu Luostarinen 3 (Warren Foegele 6, Joe Hicketts 11) at 18:19
Warren Foegele (BUF) for Tripping (Minor) at 3:19
Lawson Crouse (T.B) for Interference (Minor) at 6:51
3rd period
7. TAMPA BAY Lightning , Kent Johnson 10 (Jesperi Kotkaniemi 10) at 1:04
8. BUFFALO Sabres , Sam Gagner 15 (Joel Farabee 5, Conor Sheary 20) at 1:18
9. BUFFALO Sabres , Sam Gagner 16 (Conor Sheary 21, Joel Farabee 6) at 2:55
10. BUFFALO Sabres , Joel Farabee 7 (Timothy Liljegren 22, Hampus Lindholm 32) at 5:18 (PP)
11. BUFFALO Sabres , Sam Gagner 17 (Conor Sheary 22) at 17:03
Kent Johnson (T.B) for High sticking (Minor) at 3:32
Martin Fehervary (T.B) for High sticking (Minor) at 13:56
Nelson Nogier (BUF) for Roughing (Minor) at 17:50
Goalie Stats
Martin Jones (T.B), 9 saves from 12 shots - (0,750), 18:42 minutes
Garret Sparks (T.B), 18 saves from 23 shots - (0,783), L, 0-2-0, 41:18 minutes
Thatcher Demko (BUF), 24 saves from 27 shots - (0,889), W, 14-12-1, 60:00 minutes
3 StarsOfficial
1 - Sam Gagner (BUF)
2 - Conor Sheary (BUF)
3 - Joel Farabee (BUF)
Referees : Kyle Rehman and Rob Shick
Linesman : Thor Nelson and Andy McElman
Game Note
Martin Jones enters game at 1:18 of 3rd period
Sam Gagner has scored a Hat Trick!
Finance
Level 1 -- Attendance: 6000 (100,00%) -- Ticket Income 816 000 $
Level 2 -- Attendance: 4889 (85,92%) -- Ticket Income 420 454 $
Level 3 -- Attendance: 1881 (94,05%) -- Ticket Income 107 217 $
Level 4 -- Attendance: 3941 (98,53%) -- Ticket Income 149 758 $
Luxury Box -- Attendance: 942 (94,20%) -- Ticket Income 266 586 $
Game was played at the HSBC Arena.
Total Attendance: 17653 (94,45%)
Total Ticket Income: 1 760 015 $
Other Income: 352 003 $
Total Income: 2 112 018 $



Team Name Goals Shots Shots Attemp Shots Blocked PIM HIT PP PK FO%
TAMPA BAY Lightning 32750116290 / 3 (0%)141%
BUFFALO Sabres 8356756231 / 3 (33%)059%

TAMPA BAY Lightning
Player Name POS G A P +/- PIM HIT SHT SB MP PP MP PP SHT PK MP PK SHT FO% FOT
Adam HenriqueC/LW011-1021017:172:3600:0000% 1
Anders LeeC/LW000-2021024:173:2103:5800% 1
Artem ZubD0110010020:593:0302:0900% 0
Cole SillingerC000-100105:360:0000:00050% 10
Denis MalginC/LW/RW000-101115:360:0000:0000% 0
Evander KaneC/LW/RW000-2025022:053:2121:4600% 2
Evgeny KuznetsovC000-2025224:173:2103:58037% 35
Ivan ProvorovD101-3042324:572:5413:3500% 0
Jesperi KotkaniemiC/LW0110013011:040:0000:00050% 20
Josh MahuraD000-1000014:040:0000:0000% 0
Kent JohnsonC/LW1010201011:080:0000:0500% 4
Lawson CrouseLW/RW000-121105:350:0000:0000% 0
Marco ScandellaD0000020220:593:0302:0900% 0
Mark FriedmanD011-3060124:572:5403:3500% 0
Martin FehervaryD000-1201114:030:0000:0000% 0
Oskar SundqvistC101-1043118:582:3601:41050% 16
Peter CehlarikLW/RW0000000011:040:0000:0000% 1
Rasmus AsplundC/RW000-1012017:172:3600:000100% 1
BUFFALO Sabres
Player Name POS G A P +/- PIM HIT SHT SB MP PP MP PP SHT PK MP PK SHT FO% FOT
Anton BlidhLW000000106:030:0000:000100% 1
Brandon SaadLW/RW000-1021123:273:0203:2200% 1
Conor ShearyLW/RW1344003016:562:4200:0000% 1
Eetu LuostarinenC1011005011:590:2000:40036% 11
Hampus LindholmD1121012026:053:0912:5000% 0
Ivan BarbashevC/LW/RW1011222010:580:0000:00050% 2
Jesper BoqvistC/LW000000006:030:0000:00078% 9
Joe HickettsD0221002114:490:0001:1600% 0
Joel FarabeeLW1234012016:562:4210:000100% 1
Michael Del ZottoD0111031013:370:0000:0400% 0
Mikhail GrigorenkoC/LW/RW000-1014022:043:0211:59050% 2
Nelson NogierD0112241119:012:3501:4700% 0
Ryan JohansenC000-1002022:432:2203:18070% 27
Sam GagnerC/LW/RW3144036019:153:0211:59057% 35
Tanner Fritz C/LW/RW000000006:100:0000:0700% 1
Timothy LiljegrenD0221010126:053:0902:5000% 0
Tyler MyersD0112050120:222:3503:0700% 0
Warren FoegeleLW/RW0111203011:270:0000:2900% 0



Play-by-Play

1st period


0:01 of 1st period - Mikhail Grigorenko wins face-off versus Evgeny Kuznetsov in neutral zone.
0:07 of 1st period - Mikhail Grigorenko is hit by Ivan Provorov and loses puck.
0:22 of 1st period - Shot by Evander Kane.
0:22 of 1st period - Shot Misses the Net.
0:24 of 1st period - Shot by Evander Kane.
0:24 of 1st period - Stopped by Thatcher Demko without a rebound.
0:25 of 1st period - Oskar Sundqvist wins face-off versus Sam Gagner in BUFFALO Sabres zone.
0:25 of 1st period - Adam Henrique is hit by Nelson Nogier and loses puck.
0:34 of 1st period - Shot by Joel Farabee.
0:34 of 1st period - Stopped by Garret Sparks without a rebound.
0:35 of 1st period - Jesperi Kotkaniemi wins face-off versus Eetu Luostarinen in TAMPA BAY Lightning zone.
0:35 of 1st period - Jesperi Kotkaniemi is hit by Ivan Barbashev.
0:42 of 1st period - Josh Mahura is hit by Michael Del Zotto and loses puck.
0:50 of 1st period - Peter Cehlarik is hit by Michael Del Zotto and loses puck.
1:09 of 1st period - Shot by Warren Foegele.
1:09 of 1st period - Shot Misses the Net.
1:29 of 1st period - Minor Penalty to Ivan Barbashev for Slashing.
1:30 of 1st period - Evgeny Kuznetsov wins face-off versus Ryan Johansen in BUFFALO Sabres zone.
1:35 of 1st period - Shot by Ivan Provorov.
1:35 of 1st period - Shot Misses the Net.
1:37 of 1st period - Shot by Evander Kane.
1:37 of 1st period - Shot Misses the Net.
1:39 of 1st period - Shot by Mark Friedman.
1:39 of 1st period - Deflect By Evander Kane.
1:39 of 1st period - Shot Blocked by Brandon Saad.
1:45 of 1st period - Shot by Anders Lee.
1:45 of 1st period - Shot Misses the Net.
1:47 of 1st period - Shot by Evander Kane.
1:47 of 1st period - Stopped by Thatcher Demko with a rebound.
1:49 of 1st period - Shot by Ivan Provorov.
1:49 of 1st period - Stopped by Thatcher Demko without a rebound.
1:50 of 1st period - Oskar Sundqvist wins face-off versus Sam Gagner in BUFFALO Sabres zone.
2:56 of 1st period - Ivan Provorov is hit by Mikhail Grigorenko and loses puck.
3:11 of 1st period - Shot by Evgeny Kuznetsov.
3:11 of 1st period - Shot Misses the Net.
3:29 of 1st period - Icing by Tyler Myers.
3:30 of 1st period - Jesper Boqvist wins face-off versus Cole Sillinger in BUFFALO Sabres zone.
3:32 of 1st period - Tanner Fritz is hit by Lawson Crouse.
3:42 of 1st period - Shot by Anton Blidh.
3:42 of 1st period - Stopped by Garret Sparks without a rebound.
3:43 of 1st period - Eetu Luostarinen wins face-off versus Adam Henrique in TAMPA BAY Lightning zone.
3:44 of 1st period - Shot by Warren Foegele.
3:44 of 1st period - Stopped by Garret Sparks with a rebound.
3:50 of 1st period - Hampus Lindholm is hit by Oskar Sundqvist.
4:08 of 1st period - Shot by Eetu Luostarinen.
4:08 of 1st period - Shot Blocked by Marco Scandella.
4:19 of 1st period - Rasmus Asplund is hit by Ivan Barbashev and loses puck.
4:39 of 1st period - Shot by Nelson Nogier.
4:39 of 1st period - Shot Misses the Net.
4:41 of 1st period - Shot by Ryan Johansen.
4:41 of 1st period - Stopped by Garret Sparks without a rebound.
4:42 of 1st period - Evgeny Kuznetsov wins face-off versus Sam Gagner in TAMPA BAY Lightning zone.
4:42 of 1st period - Evgeny Kuznetsov is hit by Joel Farabee.
4:49 of 1st period - Off-side.
4:50 of 1st period - Ryan Johansen wins face-off versus Evgeny Kuznetsov in neutral zone.
4:52 of 1st period - Tyler Myers is hit by Ivan Provorov and loses puck.
4:59 of 1st period - Ryan Johansen is hit by Anders Lee and loses puck.
5:10 of 1st period - Shot by Ivan Provorov.
5:10 of 1st period - Shot Misses the Net.
5:12 of 1st period - Shot by Evgeny Kuznetsov.
5:12 of 1st period - Stopped by Thatcher Demko without a rebound.
5:13 of 1st period - Sam Gagner wins face-off versus Cole Sillinger in BUFFALO Sabres zone.
5:32 of 1st period - Martin Fehervary is hit by Sam Gagner and loses puck.
6:29 of 1st period - Shot by Evgeny Kuznetsov.
6:29 of 1st period - Stopped by Thatcher Demko without a rebound.
6:30 of 1st period - Jesper Boqvist wins face-off versus Oskar Sundqvist in BUFFALO Sabres zone.
6:30 of 1st period - Jesper Boqvist is hit by Rasmus Asplund.
7:43 of 1st period - Shot by Brandon Saad.
7:43 of 1st period - Stopped by Garret Sparks with a rebound.
7:45 of 1st period - Shot by Nelson Nogier.
7:45 of 1st period - Stopped by Garret Sparks with a rebound.
8:17 of 1st period - Shot by Eetu Luostarinen.
8:17 of 1st period - Shot Blocked by Oskar Sundqvist.
8:27 of 1st period - Shot by Eetu Luostarinen.
8:27 of 1st period - Stopped by Garret Sparks with a rebound.
8:29 of 1st period - Shot by Ivan Barbashev.
8:29 of 1st period - Stopped by Garret Sparks without a rebound.
8:30 of 1st period - Sam Gagner wins face-off versus Evgeny Kuznetsov in TAMPA BAY Lightning zone.
8:54 of 1st period - Michael Del Zotto is hit by Evgeny Kuznetsov and loses puck.
9:05 of 1st period - Shot by Sam Gagner.
9:05 of 1st period - Stopped by Garret Sparks with a rebound.
9:37 of 1st period - Icing by Jesperi Kotkaniemi.
9:38 of 1st period - Jesperi Kotkaniemi wins face-off versus Ryan Johansen in TAMPA BAY Lightning zone.
9:57 of 1st period - Shot by Mikhail Grigorenko.
9:57 of 1st period - Shot Misses the Net.
10:04 of 1st period - Icing by Josh Mahura.
10:05 of 1st period - Eetu Luostarinen wins face-off versus Jesperi Kotkaniemi in TAMPA BAY Lightning zone.
10:08 of 1st period - Shot by Eetu Luostarinen.
10:08 of 1st period - Stopped by Garret Sparks without a rebound.
10:09 of 1st period - Cole Sillinger wins face-off versus Sam Gagner in TAMPA BAY Lightning zone.
10:18 of 1st period - Shot by Denis Malgin.
10:18 of 1st period - Stopped by Thatcher Demko without a rebound.
10:19 of 1st period - Ryan Johansen wins face-off versus Evgeny Kuznetsov in BUFFALO Sabres zone.
10:19 of 1st period - Ryan Johansen is hit by Anders Lee.
10:48 of 1st period - Off-side.
10:49 of 1st period - Sam Gagner wins face-off versus Jesperi Kotkaniemi in neutral zone.
11:37 of 1st period - Icing by Tyler Myers.
11:38 of 1st period - Sam Gagner wins face-off versus Evgeny Kuznetsov in BUFFALO Sabres zone.
11:42 of 1st period - Icing by Sam Gagner.
11:43 of 1st period - Sam Gagner wins face-off versus Evgeny Kuznetsov in BUFFALO Sabres zone.
11:48 of 1st period - Artem Zub is hit by Sam Gagner.
11:49 of 1st period - Icing by Artem Zub.
11:50 of 1st period - Ryan Johansen wins face-off versus Evgeny Kuznetsov in TAMPA BAY Lightning zone.
11:59 of 1st period - Icing by Marco Scandella.
12:00 of 1st period - Ryan Johansen wins face-off versus Evgeny Kuznetsov in TAMPA BAY Lightning zone.
12:01 of 1st period - Shot by Brandon Saad.
12:01 of 1st period - Shot Blocked by Marco Scandella.
13:00 of 1st period - Icing by Sam Gagner.
13:01 of 1st period - Sam Gagner wins face-off versus Oskar Sundqvist in BUFFALO Sabres zone.
13:11 of 1st period - Shot by Sam Gagner.
13:11 of 1st period - Shot Misses the Net.
13:13 of 1st period - Shot by Tyler Myers.
13:13 of 1st period - Shot Misses the Net.
13:15 of 1st period - Shot by Nelson Nogier.
13:15 of 1st period - Shot Misses the Net.
13:17 of 1st period - Shot by Conor Sheary.
13:17 of 1st period - Goal by Conor Sheary - TAMPA BAY Lightning : 0 - BUFFALO Sabres : 1.
13:18 of 1st period - Jesperi Kotkaniemi wins face-off versus Eetu Luostarinen in neutral zone.
13:58 of 1st period - Icing by Warren Foegele.
13:59 of 1st period - Evgeny Kuznetsov wins face-off versus Eetu Luostarinen in BUFFALO Sabres zone.
14:22 of 1st period - Shot by Ivan Provorov.
14:22 of 1st period - Goal by Ivan Provorov - TAMPA BAY Lightning : 1 - BUFFALO Sabres : 1.
14:23 of 1st period - Rasmus Asplund wins face-off versus Ryan Johansen in neutral zone.
14:34 of 1st period - Shot by Adam Henrique.
14:34 of 1st period - Deflect By Rasmus Asplund.
14:34 of 1st period - Shot Misses the Net.
15:00 of 1st period - Shot by Mikhail Grigorenko.
15:00 of 1st period - Shot Misses the Net.
15:37 of 1st period - Shot by Conor Sheary.
15:37 of 1st period - Stopped by Garret Sparks without a rebound.
15:38 of 1st period - Evgeny Kuznetsov wins face-off versus Jesper Boqvist in TAMPA BAY Lightning zone.
16:18 of 1st period - Shot by Evander Kane.
16:18 of 1st period - Shot Blocked by Joe Hicketts.
16:20 of 1st period - Shot by Evgeny Kuznetsov.
16:20 of 1st period - Stopped by Thatcher Demko without a rebound.
16:21 of 1st period - Sam Gagner wins face-off versus Cole Sillinger in BUFFALO Sabres zone.
16:21 of 1st period - Sam Gagner is hit by Denis Malgin.
16:41 of 1st period - Shot by Sam Gagner.
16:41 of 1st period - Shot Misses the Net.
16:43 of 1st period - Shot by Sam Gagner.
16:43 of 1st period - Shot Misses the Net.
16:45 of 1st period - Shot by Timothy Liljegren.
16:45 of 1st period - Shot Blocked by Denis Malgin.
16:47 of 1st period - Shot by Hampus Lindholm.
16:47 of 1st period - Goal by Hampus Lindholm - TAMPA BAY Lightning : 1 - BUFFALO Sabres : 2.
16:48 of 1st period - Ryan Johansen wins face-off versus Jesperi Kotkaniemi in neutral zone.
16:59 of 1st period - Shot by Mikhail Grigorenko.
16:59 of 1st period - Shot Misses the Net.
17:04 of 1st period - Off-side.
17:05 of 1st period - Ivan Barbashev wins face-off versus Evgeny Kuznetsov in neutral zone.
17:17 of 1st period - Shot by Anders Lee.
17:17 of 1st period - Shot Misses the Net.
17:22 of 1st period - Hampus Lindholm is hit by Artem Zub and loses puck.
18:16 of 1st period - Icing by Mark Friedman.
18:17 of 1st period - Ryan Johansen wins face-off versus Oskar Sundqvist in TAMPA BAY Lightning zone.
18:19 of 1st period - Brandon Saad is hit by Mark Friedman and loses puck.
18:30 of 1st period - Shot by Oskar Sundqvist.
18:30 of 1st period - Stopped by Thatcher Demko without a rebound.
18:31 of 1st period - Joel Farabee wins face-off versus Kent Johnson in BUFFALO Sabres zone.
18:31 of 1st period - Joel Farabee is hit by Jesperi Kotkaniemi.
18:34 of 1st period - Icing by Conor Sheary.
18:35 of 1st period - Jesperi Kotkaniemi wins face-off versus Sam Gagner in BUFFALO Sabres zone.
18:39 of 1st period - Kent Johnson is hit by Michael Del Zotto and loses puck.
18:46 of 1st period - Shot by Martin Fehervary.
18:46 of 1st period - Stopped by Thatcher Demko without a rebound.
18:47 of 1st period - Ryan Johansen wins face-off versus Evgeny Kuznetsov in BUFFALO Sabres zone.
18:47 of 1st period - Ryan Johansen is hit by Evander Kane.
19:24 of 1st period - Evander Kane is hit by Tyler Myers and loses puck.
19:34 of 1st period - Icing by Mikhail Grigorenko.
19:35 of 1st period - Oskar Sundqvist wins face-off versus Mikhail Grigorenko in BUFFALO Sabres zone.
19:35 of 1st period - Adam Henrique is hit by Nelson Nogier and loses puck.
19:48 of 1st period - Shot by Rasmus Asplund.
19:48 of 1st period - Stopped by Thatcher Demko without a rebound.
19:49 of 1st period - Jesperi Kotkaniemi wins face-off versus Sam Gagner in BUFFALO Sabres zone.
19:49 of 1st period - Martin Fehervary is hit by Timothy Liljegren and loses puck.
Goals for this period are 1 for TAMPA BAY Lightning vs 2 for BUFFALO Sabres.
Shots for this period are 11 for TAMPA BAY Lightning vs 13 for BUFFALO Sabres.

2nd period


0:01 of 2nd period - Sam Gagner wins face-off versus Evgeny Kuznetsov in neutral zone.
0:14 of 2nd period - Shot by Sam Gagner.
0:14 of 2nd period - Shot Misses the Net.
0:26 of 2nd period - Shot by Sam Gagner.
0:26 of 2nd period - Stopped by Garret Sparks with a rebound.
0:30 of 2nd period - Shot by Sam Gagner.
0:30 of 2nd period - Deflect By Conor Sheary.
0:30 of 2nd period - Shot Blocked by Ivan Provorov.
0:32 of 2nd period - Shot by Hampus Lindholm.
0:32 of 2nd period - Shot Blocked by Mark Friedman.
1:09 of 2nd period - Icing by Oskar Sundqvist.
1:10 of 2nd period - Jesper Boqvist wins face-off versus Oskar Sundqvist in TAMPA BAY Lightning zone.
1:11 of 2nd period - Shot by Joe Hicketts.
1:11 of 2nd period - Stopped by Garret Sparks without a rebound.
1:12 of 2nd period - Jesper Boqvist wins face-off versus Oskar Sundqvist in TAMPA BAY Lightning zone.
2:48 of 2nd period - Icing by Mark Friedman.
2:49 of 2nd period - Sam Gagner wins face-off versus Evgeny Kuznetsov in TAMPA BAY Lightning zone.
2:49 of 2nd period - Tyler Myers is hit by Mark Friedman and loses puck.
2:56 of 2nd period - Shot by Evgeny Kuznetsov.
2:56 of 2nd period - Stopped by Thatcher Demko without a rebound.
2:57 of 2nd period - Evgeny Kuznetsov wins face-off versus Sam Gagner in BUFFALO Sabres zone.
3:06 of 2nd period - Shot by Anders Lee.
3:06 of 2nd period - Stopped by Thatcher Demko without a rebound.
3:07 of 2nd period - Jesperi Kotkaniemi wins face-off versus Eetu Luostarinen in BUFFALO Sabres zone.
3:07 of 2nd period - Ivan Provorov is hit by Tyler Myers and loses puck.
3:19 of 2nd period - Minor Penalty to Warren Foegele for Tripping.
3:20 of 2nd period - Ryan Johansen wins face-off versus Evgeny Kuznetsov in BUFFALO Sabres zone.
4:17 of 2nd period - Tyler Myers is hit by Adam Henrique and loses puck.
4:42 of 2nd period - Shot by Oskar Sundqvist.
4:42 of 2nd period - Shot Misses the Net.
4:55 of 2nd period - Off-side.
4:56 of 2nd period - Evgeny Kuznetsov wins face-off versus Ryan Johansen in neutral zone.
5:44 of 2nd period - Icing by Martin Fehervary.
5:45 of 2nd period - Sam Gagner wins face-off versus Peter Cehlarik in TAMPA BAY Lightning zone.
6:29 of 2nd period - Mark Friedman is hit by Sam Gagner and loses puck.
6:51 of 2nd period - Minor Penalty to Lawson Crouse for Interference.
6:52 of 2nd period - Sam Gagner wins face-off versus Evgeny Kuznetsov in TAMPA BAY Lightning zone.
7:03 of 2nd period - Shot by Mikhail Grigorenko.
7:03 of 2nd period - Stopped by Garret Sparks without a rebound.
7:04 of 2nd period - Sam Gagner wins face-off versus Evgeny Kuznetsov in TAMPA BAY Lightning zone.
7:11 of 2nd period - Shot by Sam Gagner.
7:11 of 2nd period - Stopped by Garret Sparks without a rebound.
7:12 of 2nd period - Evgeny Kuznetsov wins face-off versus Ryan Johansen in TAMPA BAY Lightning zone.
8:15 of 2nd period - Icing by Nelson Nogier.
8:16 of 2nd period - Sam Gagner wins face-off versus Evgeny Kuznetsov in BUFFALO Sabres zone.
8:16 of 2nd period - Sam Gagner is hit by Evgeny Kuznetsov.
8:32 of 2nd period - Icing by Tyler Myers.
8:33 of 2nd period - Evgeny Kuznetsov wins face-off versus Sam Gagner in BUFFALO Sabres zone.
8:58 of 2nd period - Shot by Eetu Luostarinen.
8:58 of 2nd period - Stopped by Garret Sparks without a rebound.
8:59 of 2nd period - Cole Sillinger wins face-off versus Eetu Luostarinen in TAMPA BAY Lightning zone.
9:11 of 2nd period - Off-side.
9:12 of 2nd period - Oskar Sundqvist wins face-off versus Jesper Boqvist in neutral zone.
9:36 of 2nd period - Michael Del Zotto is hit by Mark Friedman and loses puck.
10:24 of 2nd period - Mikhail Grigorenko is hit by Ivan Provorov and loses puck.
10:45 of 2nd period - Hampus Lindholm is hit by Ivan Provorov and loses puck.
11:10 of 2nd period - Shot by Evander Kane.
11:10 of 2nd period - Stopped by Thatcher Demko without a rebound.
11:11 of 2nd period - Evgeny Kuznetsov wins face-off versus Eetu Luostarinen in BUFFALO Sabres zone.
11:23 of 2nd period - Shot by Warren Foegele.
11:23 of 2nd period - Shot Blocked by Evgeny Kuznetsov.
11:25 of 2nd period - Shot by Michael Del Zotto.
11:25 of 2nd period - Stopped by Garret Sparks with a rebound.
11:29 of 2nd period - Shot by Ivan Barbashev.
11:29 of 2nd period - Goal by Ivan Barbashev - TAMPA BAY Lightning : 1 - BUFFALO Sabres : 3.
11:30 of 2nd period - Jesperi Kotkaniemi wins face-off versus Sam Gagner in neutral zone.
12:05 of 2nd period - Icing by Josh Mahura.
12:06 of 2nd period - Ryan Johansen wins face-off versus Jesperi Kotkaniemi in TAMPA BAY Lightning zone.
12:11 of 2nd period - Shot by Brandon Saad.
12:11 of 2nd period - Shot Blocked by Martin Fehervary.
13:27 of 2nd period - Shot by Lawson Crouse.
13:27 of 2nd period - Deflect By Cole Sillinger.
13:27 of 2nd period - Shot Misses the Net.
13:29 of 2nd period - Shot by Denis Malgin.
13:29 of 2nd period - Shot Misses the Net.
13:33 of 2nd period - Shot by Cole Sillinger.
13:33 of 2nd period - Stopped by Thatcher Demko without a rebound.
13:34 of 2nd period - Cole Sillinger wins face-off versus Sam Gagner in BUFFALO Sabres zone.
13:54 of 2nd period - Icing by Josh Mahura.
13:55 of 2nd period - Jesper Boqvist wins face-off versus Cole Sillinger in TAMPA BAY Lightning zone.
14:01 of 2nd period - Icing by Martin Fehervary.
14:02 of 2nd period - Cole Sillinger wins face-off versus Ryan Johansen in TAMPA BAY Lightning zone.
14:28 of 2nd period - Icing by Timothy Liljegren.
14:29 of 2nd period - Ryan Johansen wins face-off versus Evgeny Kuznetsov in BUFFALO Sabres zone.
15:39 of 2nd period - Mikhail Grigorenko is hit by Oskar Sundqvist and loses puck.
16:00 of 2nd period - Shot by Oskar Sundqvist.
16:00 of 2nd period - Goal by Oskar Sundqvist - TAMPA BAY Lightning : 2 - BUFFALO Sabres : 3.
16:01 of 2nd period - Sam Gagner wins face-off versus Jesperi Kotkaniemi in neutral zone.
16:13 of 2nd period - Kent Johnson is hit by Nelson Nogier.
16:25 of 2nd period - Peter Cehlarik is hit by Nelson Nogier and loses puck.
16:28 of 2nd period - Shot by Jesperi Kotkaniemi.
16:28 of 2nd period - Stopped by Thatcher Demko with a rebound.
16:30 of 2nd period - Shot by Martin Fehervary.
16:30 of 2nd period - Shot Misses the Net.
16:37 of 2nd period - Peter Cehlarik is hit by Tyler Myers and loses puck.
16:44 of 2nd period - Shot by Jesperi Kotkaniemi.
16:44 of 2nd period - Shot Misses the Net.
17:00 of 2nd period - Shot by Lawson Crouse.
17:00 of 2nd period - Stopped by Thatcher Demko with a rebound.
17:18 of 2nd period - Icing by Nelson Nogier.
17:19 of 2nd period - Evgeny Kuznetsov wins face-off versus Sam Gagner in BUFFALO Sabres zone.
17:32 of 2nd period - Shot by Evgeny Kuznetsov.
17:32 of 2nd period - Stopped by Thatcher Demko with a rebound.
17:49 of 2nd period - Icing by Joe Hicketts.
17:50 of 2nd period - Eetu Luostarinen wins face-off versus Oskar Sundqvist in BUFFALO Sabres zone.
18:19 of 2nd period - Shot by Eetu Luostarinen.
18:19 of 2nd period - Goal by Eetu Luostarinen - TAMPA BAY Lightning : 2 - BUFFALO Sabres : 4.
18:20 of 2nd period - Jesper Boqvist wins face-off versus Evgeny Kuznetsov in neutral zone.
18:56 of 2nd period - Shot by Anders Lee.
18:56 of 2nd period - Deflect By Evander Kane.
18:56 of 2nd period - Shot Misses the Net.
18:58 of 2nd period - Shot by Evander Kane.
18:58 of 2nd period - Shot Blocked by Timothy Liljegren.
19:27 of 2nd period - Icing by Ivan Provorov.
19:28 of 2nd period - Ryan Johansen wins face-off versus Oskar Sundqvist in TAMPA BAY Lightning zone.
19:46 of 2nd period - Ryan Johansen is hit by Mark Friedman.
19:49 of 2nd period - Brandon Saad is hit by Mark Friedman and loses puck.
19:58 of 2nd period - Shot by Ryan Johansen.
19:58 of 2nd period - Stopped by Garret Sparks without a rebound.
19:59 of 2nd period - Sam Gagner wins face-off versus Kent Johnson in TAMPA BAY Lightning zone.
Goals for this period are 1 for TAMPA BAY Lightning vs 2 for BUFFALO Sabres.
Shots for this period are 8 for TAMPA BAY Lightning vs 9 for BUFFALO Sabres.

3rd period


0:01 of 3rd period - Evgeny Kuznetsov wins face-off versus Brandon Saad in neutral zone.
0:19 of 3rd period - Evander Kane is hit by Hampus Lindholm and loses puck.
0:45 of 3rd period - Hampus Lindholm is hit by Mark Friedman and loses puck.
1:02 of 3rd period - Shot by Rasmus Asplund.
1:02 of 3rd period - Stopped by Thatcher Demko without a rebound.
1:03 of 3rd period - Jesperi Kotkaniemi wins face-off versus Conor Sheary in BUFFALO Sabres zone.
1:04 of 3rd period - Shot by Kent Johnson.
1:04 of 3rd period - Goal by Kent Johnson - TAMPA BAY Lightning : 3 - BUFFALO Sabres : 4.
1:05 of 3rd period - Sam Gagner wins face-off versus Jesperi Kotkaniemi in neutral zone.
1:10 of 3rd period - Shot by Nelson Nogier.
1:10 of 3rd period - Shot Misses the Net.
1:18 of 3rd period - Shot by Sam Gagner.
1:18 of 3rd period - Goal by Sam Gagner - TAMPA BAY Lightning : 3 - BUFFALO Sabres : 5.
1:18 of 3rd period - Martin Jones enters game.
1:19 of 3rd period - Oskar Sundqvist wins face-off versus Eetu Luostarinen in neutral zone.
1:40 of 3rd period - Shot by Rasmus Asplund.
1:40 of 3rd period - Shot Hit the Post.
1:46 of 3rd period - Joe Hicketts is hit by Oskar Sundqvist and loses puck.
2:10 of 3rd period - Icing by Josh Mahura.
2:11 of 3rd period - Oskar Sundqvist wins face-off versus Sam Gagner in TAMPA BAY Lightning zone.
2:23 of 3rd period - Icing by Sam Gagner.
2:24 of 3rd period - Sam Gagner wins face-off versus Evgeny Kuznetsov in BUFFALO Sabres zone.
2:24 of 3rd period - Timothy Liljegren is hit by Evander Kane and loses puck.
2:45 of 3rd period - Shot by Conor Sheary.
2:45 of 3rd period - Stopped by Martin Jones with a rebound.
2:55 of 3rd period - Shot by Sam Gagner.
2:55 of 3rd period - Goal by Sam Gagner - TAMPA BAY Lightning : 3 - BUFFALO Sabres : 6.
2:56 of 3rd period - Ryan Johansen wins face-off versus Jesperi Kotkaniemi in neutral zone.
3:04 of 3rd period - Brandon Saad is hit by Marco Scandella and loses puck.
3:31 of 3rd period - Shot by Kent Johnson.
3:31 of 3rd period - Shot Misses the Net.
3:32 of 3rd period - Minor Penalty to Kent Johnson for High sticking.
3:33 of 3rd period - Ryan Johansen wins face-off versus Evgeny Kuznetsov in TAMPA BAY Lightning zone.
3:46 of 3rd period - Shot by Joel Farabee.
3:46 of 3rd period - Deflect By Ryan Johansen.
3:46 of 3rd period - Shot Misses the Net.
4:41 of 3rd period - Oskar Sundqvist is hit by Tyler Myers and loses puck.
5:14 of 3rd period - Shot by Hampus Lindholm.
5:14 of 3rd period - Shot Misses the Net.
5:16 of 3rd period - Shot by Timothy Liljegren.
5:16 of 3rd period - Shot Blocked by Ivan Provorov.
5:18 of 3rd period - Shot by Joel Farabee.
5:18 of 3rd period - The goal is going for a video replay.
5:18 of 3rd period - The goal is good.
5:18 of 3rd period - Goal by Joel Farabee - TAMPA BAY Lightning : 3 - BUFFALO Sabres : 7.
5:19 of 3rd period - Jesperi Kotkaniemi wins face-off versus Tanner Fritz in neutral zone.
5:28 of 3rd period - Shot by Jesperi Kotkaniemi.
5:28 of 3rd period - Stopped by Thatcher Demko without a rebound.
5:29 of 3rd period - Oskar Sundqvist wins face-off versus Ivan Barbashev in BUFFALO Sabres zone.
6:06 of 3rd period - Shot by Eetu Luostarinen.
6:06 of 3rd period - Shot Misses the Net.
6:08 of 3rd period - Shot by Eetu Luostarinen.
6:08 of 3rd period - Shot Misses the Net.
6:10 of 3rd period - Shot by Eetu Luostarinen.
6:10 of 3rd period - Stopped by Martin Jones without a rebound.
6:11 of 3rd period - Jesperi Kotkaniemi wins face-off versus Ryan Johansen in TAMPA BAY Lightning zone.
6:11 of 3rd period - Jesperi Kotkaniemi is hit by Brandon Saad.
6:49 of 3rd period - Shot by Mikhail Grigorenko.
6:49 of 3rd period - Stopped by Martin Jones without a rebound.
6:50 of 3rd period - Evgeny Kuznetsov wins face-off versus Sam Gagner in TAMPA BAY Lightning zone.
7:34 of 3rd period - Shot by Evander Kane.
7:34 of 3rd period - Shot Blocked by Nelson Nogier.
8:06 of 3rd period - Joe Hicketts is hit by Oskar Sundqvist and loses puck.
8:15 of 3rd period - Shot by Oskar Sundqvist.
8:15 of 3rd period - Stopped by Thatcher Demko with a rebound.
8:17 of 3rd period - Shot by Rasmus Asplund.
8:17 of 3rd period - Deflect By Adam Henrique.
8:17 of 3rd period - Stopped by Thatcher Demko with a rebound.
8:45 of 3rd period - Shot by Jesperi Kotkaniemi.
8:45 of 3rd period - Stopped by Thatcher Demko without a rebound.
8:46 of 3rd period - Ryan Johansen wins face-off versus Jesperi Kotkaniemi in BUFFALO Sabres zone.
9:07 of 3rd period - Shot by Mikhail Grigorenko.
9:07 of 3rd period - Stopped by Martin Jones without a rebound.
9:08 of 3rd period - Sam Gagner wins face-off versus Cole Sillinger in TAMPA BAY Lightning zone.
9:43 of 3rd period - Shot by Conor Sheary.
9:43 of 3rd period - Shot Misses the Net.
10:03 of 3rd period - Evander Kane is hit by Tyler Myers and loses puck.
11:14 of 3rd period - Shot by Ryan Johansen.
11:14 of 3rd period - Shot Misses the Net.
11:16 of 3rd period - Shot by Ryan Johansen.
11:16 of 3rd period - Shot Misses the Net.
11:29 of 3rd period - Icing by Timothy Liljegren.
11:30 of 3rd period - Ryan Johansen wins face-off versus Jesperi Kotkaniemi in BUFFALO Sabres zone.
11:39 of 3rd period - Jesperi Kotkaniemi is hit by Brandon Saad and loses puck.
11:57 of 3rd period - Shot by Warren Foegele.
11:57 of 3rd period - Shot Blocked by Ivan Provorov.
11:59 of 3rd period - Shot by Ivan Barbashev.
11:59 of 3rd period - Deflect By Eetu Luostarinen.
11:59 of 3rd period - Shot Misses the Net.
12:24 of 3rd period - Shot by Warren Foegele.
12:24 of 3rd period - Stopped by Martin Jones with a rebound.
12:26 of 3rd period - Shot by Ivan Barbashev.
12:26 of 3rd period - Shot Misses the Net.
12:28 of 3rd period - Shot by Joe Hicketts.
12:28 of 3rd period - Stopped by Martin Jones without a rebound.
12:29 of 3rd period - Jesper Boqvist wins face-off versus Evgeny Kuznetsov in TAMPA BAY Lightning zone.
13:04 of 3rd period - Shot by Evander Kane.
13:04 of 3rd period - Shot Blocked by Tyler Myers.
13:40 of 3rd period - Off-side.
13:41 of 3rd period - Cole Sillinger wins face-off versus Ryan Johansen in neutral zone.
13:56 of 3rd period - Minor Penalty to Martin Fehervary for High sticking.
13:57 of 3rd period - Evgeny Kuznetsov wins face-off versus Sam Gagner in TAMPA BAY Lightning zone.
15:16 of 3rd period - Icing by Ryan Johansen.
15:17 of 3rd period - Ryan Johansen wins face-off versus Evander Kane in BUFFALO Sabres zone.
15:21 of 3rd period - Nelson Nogier is hit by Marco Scandella and loses puck.
15:50 of 3rd period - Shot by Hampus Lindholm.
15:50 of 3rd period - Stopped by Martin Jones without a rebound.
15:51 of 3rd period - Sam Gagner wins face-off versus Kent Johnson in TAMPA BAY Lightning zone.
16:18 of 3rd period - Shot by Warren Foegele.
16:18 of 3rd period - Stopped by Martin Jones without a rebound.
16:19 of 3rd period - Anton Blidh wins face-off versus Jesperi Kotkaniemi in TAMPA BAY Lightning zone.
16:41 of 3rd period - Icing by Artem Zub.
16:42 of 3rd period - Ryan Johansen wins face-off versus Kent Johnson in TAMPA BAY Lightning zone.
16:59 of 3rd period - Shot by Mikhail Grigorenko.
16:59 of 3rd period - Stopped by Martin Jones without a rebound.
17:00 of 3rd period - Sam Gagner wins face-off versus Evgeny Kuznetsov in TAMPA BAY Lightning zone.
17:03 of 3rd period - Shot by Sam Gagner.
17:03 of 3rd period - Goal by Sam Gagner - TAMPA BAY Lightning : 3 - BUFFALO Sabres : 8.
17:04 of 3rd period - Ryan Johansen wins face-off versus Evander Kane in neutral zone.
17:09 of 3rd period - Shot by Mikhail Grigorenko.
17:09 of 3rd period - Shot Blocked by Evgeny Kuznetsov.
17:45 of 3rd period - Shot by Evander Kane.
17:45 of 3rd period - Stopped by Thatcher Demko without a rebound.
17:46 of 3rd period - Oskar Sundqvist wins face-off versus Sam Gagner in BUFFALO Sabres zone.
17:50 of 3rd period - Minor Penalty to Nelson Nogier for Roughing.
17:51 of 3rd period - Ryan Johansen wins face-off versus Oskar Sundqvist in BUFFALO Sabres zone.
17:51 of 3rd period - Ryan Johansen is hit by Adam Henrique.
19:05 of 3rd period - Shot by Evander Kane.
19:05 of 3rd period - Stopped by Thatcher Demko without a rebound.
19:06 of 3rd period - Eetu Luostarinen wins face-off versus Anders Lee in BUFFALO Sabres zone.
19:15 of 3rd period - Shot by Mark Friedman.
19:15 of 3rd period - Shot Misses the Net.
19:38 of 3rd period - Shot by Ivan Provorov.
19:38 of 3rd period - Shot Misses the Net.
Goals for this period are 1 for TAMPA BAY Lightning vs 4 for BUFFALO Sabres.
Shots for this period are 8 for TAMPA BAY Lightning vs 13 for BUFFALO Sabres.